Map: [ESL] Inside and Out

Players

Kelazhur

  • Race: Terran Terran
  • Spawn Location: 7:00

Elazer - Winner!

  • Race: Zerg Zerg
  • Spawn Location: 1:00

Event: DreamHack SC2 Masters 2022 Valencia

VOD

Have the link to the VOD?

Description

Time

  • Played on: July 2, 2022, 4:54 a.m.
  • Length: 28:26

All games in this series

Show
View Real Time Build Order
Export as new Build Order

Kelazhur Terran 

Build Orders:  

Get SALT Encoding   

  12  0:00  SCV  
  13  0:12  SCV  
  14  0:17  Supply Depot  
  14  0:24  SCV  
  15  0:39  Barracks  
  15  0:50  Barracks  
  15  0:54  SCV  
  16  1:00  Refinery  
  16  1:06  SCV  
  17  1:18  SCV  
  18  1:26  Marine  
  18  1:30  Orbital Command  
  19  1:34  Supply Depot  
  19  1:37  Marine  
  20  1:44  Marine  
  21  1:49  Bunker  
  21  1:58  Marine  
  22  2:07  Factory  
  22  2:08  Marine  
  22  2:11  SCV  
  24  2:21  Marine  
  23  2:23  SCV  
  24  2:32  Marine  
  24  2:36  SCV  
  26  2:48  SCV  
  26  2:51  Factory Reactor  
  27  2:56  Starport  
  27  3:00  SCV  
  27  3:04  Supply Depot  
  28  3:12  SCV  
  29  3:16  Command Center  
  29  3:24  SCV  
  30  3:29  Hellion  
  30  3:30  Hellion  
  34  3:35  Medivac  
  34  3:38  SCV  
  37  3:44  Refinery  
  37  3:47  Supply Depot  
  37  3:51  Hellion  
  37  3:55  Barracks Tech Lab  
  39  4:08  SCV  
  40  4:13  Marine  
  40  4:16  Hellion  
  40  4:17  Hellion  
  45  4:20  SCV  
  46  4:27  Liberator  
  49  4:32  SCV  
  50  4:41  Marine  
  50  4:42  Orbital Command  
  50  4:44  Marine x2, Stimpack  
  53  4:51  SCV  
  54  4:59  Marine  
  55  5:02  Supply Depot, Marine x2  
  57  5:08  SCV x2  
  57  5:13  Starport Reactor  
  59  5:14  Supply Depot  
  59  5:20  SCV  
  60  5:22  SCV  
  61  5:31  Marine x2  
  61  5:32  SCV  
  61  5:35  SCV  
  65  5:44  SCV  
  65  5:47  SCV, Command Center  
  65  5:48  Marine  
  65  5:49  Marine, Supply Depot  
  69  5:56  SCV  
  70  5:59  SCV  
  66  6:04  Marine  
  66  6:06  Marine  
  66  6:07  Marine  
  66  6:08  SCV  
  68  6:11  SCV, Medivac  
  68  6:12  Medivac  
  68  6:16  Engineering Bay  
  67  6:19  Engineering Bay  
  67  6:21  SCV  
  67  6:23  Refinery, SCV, Combat Shield  
  67  6:24  Marine x2  
  67  6:25  Refinery, Marine  
  72  6:28  Factory Tech Lab  
  72  6:33  SCV  
  72  6:35  SCV  
  74  6:42  Marine x2  
  74  6:43  Marine  
  74  6:45  SCV  
  74  6:46  Terran Infantry Armor Level 1, Terran Infantry Weapons Level 1  
  78  6:48  SCV  
  78  6:52  Barracks  
  79  6:56  Starport Reactor  
  79  6:57  SCV  
  79  6:58  Siege Tank  
  79  7:00  SCV, Marine x2  
  84  7:05  Marine  
  77  7:15  SCV  
  77  7:18  Marine x2  
  77  7:20  SCV  
  79  7:22  Marine  
  79  7:28  Orbital Command  
  79  7:30  Barracks  
  79  7:31  Barracks  
  79  7:33  Medivac x2  
  79  7:34  Armory  
  79  7:35  SCV, Marine  
  79  7:36  Marine  
  86  7:39  SCV  
  86  7:40  Marine  
  86  7:43  Marine x2  
  90  7:46  Siege Tank  
  90  7:49  SCV  
  94  7:53  Marine x2  
  94  7:56  Orbital Command  
  96  8:03  SCV  
  97  8:07  Marine  
  97  8:08  Marine x2  
  97  8:09  SCV  
  100  8:13  Marine  
  100  8:18  Supply Depot  
  101  8:20  Barracks Reactor  
  101  8:21  Barracks Reactor  
  101  8:23  Supply Depot  
  101  8:24  Supply Depot, SCV x3, Medivac x2  
  108  8:30  Supply Depot  
  108  8:33  Marine  
  109  8:39  SCV x3, Siege Tank  
  115  8:45  Terran Infantry Weapons Level 2, Marine x4  
  117  8:50  Terran Infantry Armor Level 2  
  117  8:51  SCV x2, Marine  
  120  8:59  Marine  
  120  9:03  SCV, Marine  
  120  9:07  Marine  
  122  9:14  Siege Tank, Marine x6  
  124  9:17  Marine  
  124  9:23  Medivac x2, Command Center  
  129  9:24  Marine  
  129  9:26  Refinery  
  130  9:32  Marine  
  130  9:33  Supply Depot  
  130  9:38  Marine x2  
  131  9:40  SCV x3  
  131  9:41  Refinery  
  136  9:51  Siege Tank, Marine  
  136  9:52  Marine  
  141  9:54  Marine  
  135  10:01  Medivac x2  
  135  10:04  Marauder  
  135  10:05  Marine  
  142  10:09  Marine x5  
  147  10:14  Terran Vehicle Weapons Level 1  
  147  10:15  Supply Depot x2  
  147  10:17  Factory  
  147  10:18  Marine  
  148  10:21  Supply Depot  
  148  10:25  Supply Depot x2  
  148  10:30  Marine  
  148  10:34  Marine x2  
  148  10:35  Siege Tank, Marine x2  
  147  10:48  Marine x4  
  147  10:49  Marauder  
  153  10:56  Barracks x2  
  153  10:58  Barracks, Medivac x2  
  154  11:05  Marine  
  154  11:06  Terran Infantry Weapons Level 3, Marine  
  154  11:10  Terran Infantry Armor Level 3  
  156  11:18  Siege Tank  
  156  11:25  Factory Tech Lab  
  159  11:27  Planetary Fortress  
  158  11:40  Medivac x2  
  158  11:41  Command Center  
  162  11:51  Siege Tank  
  162  11:52  Barracks Tech Lab x2  
  165  11:56  Barracks Tech Lab  
  165  11:58  Ghost Academy  
  161  12:05  Siege Tank  
  163  12:10  Marine x4, Marauder  
  163  12:11  Marine x2, Marauder  
  163  12:12  Marauder  
  175  12:23  Siege Tank, Sensor Tower  
  175  12:25  Sensor Tower  
  178  12:31  Marauder  
  178  12:32  Marauder  
  182  12:37  Ghost  
  184  12:49  Siege Tank  
  187  12:51  Liberator  
  187  12:54  Refinery x2  
  190  12:58  Command Center  
  190  12:59  Siege Tank  
  190  13:03  Command Center  
  193  13:15  Ghost x2  
  197  13:22  Ghost  
  199  13:28  Enhanced Shockwaves  
  199  13:38  Ghost  
  197  13:48  Bunker  
  197  13:49  Ghost, Missile Turret  
  197  13:51  Concussive Shells, Missile Turret  
  197  13:52  Missile Turret  
  197  13:53  Terran Vehicle Weapons Level 2  
  199  14:09  Ghost x3  
  190  14:20  Ghost  
  188  14:29  Siege Tank  
  191  14:37  Ghost  
  191  14:43  Siege Tank  
  191  14:44  Ghost x2  
  180  14:49  Ghost  
  178  14:53  Hi-Sec Auto Tracking  
  174  15:05  Planetary Fortress  
  174  15:06  Ghost  
  170  15:12  Ghost  
  170  15:14  Command Center x2  
  155  15:19  Planetary Fortress  
  155  15:20  Orbital Command  
  152  15:22  Command Center  
  152  15:30  Marine, Marauder x2  
  152  15:32  Missile Turret  
  152  15:35  Marauder  
  159  15:38  Siege Tank  
  162  15:49  Marine  
  160  15:50  Marine x4, Marauder  
  160  15:51  Marine  
  160  15:52  Marine, Marauder x2  
  171  16:03  Neosteel Armor  
  171  16:04  Marine  
  171  16:05  Marauder  
  171  16:09  SCV x4  
  180  16:11  Marauder  
  180  16:13  Marauder  
  182  16:21  Marine x2, Marauder  
  185  16:26  Marauder  
  185  16:31  Personal Cloaking  
  185  16:32  Marine, Marauder  
  190  16:33  Siege Tank, Planetary Fortress  
  190  16:36  Marine, Marauder  
  190  16:38  Marine  
  200  16:40  Siege Tank  
  200  16:43  Refinery  
  200  16:44  Refinery  
  200  17:08  Ghost x2  
  200  17:36  Orbital Command  
  196  17:39  Marine  
  196  17:40  Marauder x3  
  196  17:51  Marauder  
  198  17:52  Marine  
  196  17:58  Siege Tank  
  196  18:01  Marauder x2  
  200  18:06  Command Center  
  181  18:20  Marauder x2  
  181  18:22  Siege Tank, Marine x3  
  181  18:26  Marine, Marauder  
  194  18:27  Marine  
  194  18:30  Siege Tank  
  194  18:40  Marine, Marauder  
  190  18:41  Marauder  
  190  18:44  Marauder  
  190  18:46  Liberator x2  
  190  18:48  Marauder  
  198  19:09  Ghost x2  
  196  19:10  Ghost  
  196  19:13  Terran Vehicle Weapons Level 3  
  200  19:20  Command Center  
  193  19:25  Marauder  
  193  19:28  Marine  
  193  19:29  Siege Tank, Marine  
  169  19:32  Siege Tank  
  158  19:39  Marauder x2  
  158  19:40  Marauder  
  155  19:45  Ghost  
  155  19:46  Marine x5  
  155  19:47  Marine x3  
  154  19:54  Orbital Command  
  154  19:59  Ghost x2  
  152  20:00  Ghost  
  152  20:01  Siege Tank  
  152  20:04  Marine x5  
  166  20:12  Siege Tank  
  166  20:13  Marine  
  166  20:14  Ghost, Marine x2  
  156  20:22  Marine x5  
  156  20:28  Ghost  
  155  20:29  Marauder  
  155  20:30  Marauder  
  155  20:31  Marine x2  
  155  20:33  Siege Tank  
  161  20:39  Marine  
  161  20:42  Marine  
  163  20:43  Ghost  
  163  20:45  Siege Tank  
  163  20:49  Ghost  
  168  20:50  Ghost  
  168  20:55  Medivac x2  
  176  20:57  Marauder  
  178  21:06  Siege Tank  
  178  21:16  Ghost  
  178  21:17  Siege Tank  
  178  21:18  Ghost  
  148  21:20  Ghost  
  148  21:21  Ghost  
  120  21:37  Liberator  
  111  21:44  Siege Tank  
  111  21:45  Ghost  
  111  21:46  Ghost  
  118  21:55  Siege Tank  
  118  21:59  Marine  
  118  22:00  Marauder  
  124  22:06  Marauder  
  124  22:07  SCV x2  
  128  22:14  Marauder  
  130  22:17  Liberator  
  121  22:37  Marauder  
  121  22:42  Marine x3  
  121  22:43  Marauder  
  125  22:44  Marine  
  125  22:46  Marauder  
  125  22:53  Marine  
  125  22:54  Marauder  
  128  23:03  Siege Tank  
  128  23:04  Siege Tank  
  130  23:16  Marauder  
  124  23:20  Marine, Marauder  
  124  23:23  Liberator  
  127  23:44  Siege Tank x2  
  127  23:45  Liberator  
  136  23:53  Marauder  
  134  24:12  Marine x3, Marauder  
  134  24:13  Orbital Command  
  134  24:16  Siege Tank  
  142  24:27  Siege Tank  
  136  24:36  SCV x3  
  139  24:48  Siege Tank  
  142  24:53  Ghost  
  142  24:55  Marauder  
  142  24:59  Siege Tank  
  149  25:12  Marine, Marauder  
  152  25:20  Siege Tank  
  152  25:35  Siege Tank  
  155  25:36  Marauder  
  155  25:39  Marine x5, Marauder x2  
  165  25:50  Marauder  
  165  25:52  Marine  
  149  26:11  Marine  
  149  26:12  Marauder  
  149  26:13  Siege Tank  
  149  26:14  Siege Tank  
  158  26:22  Marine  
  158  26:23  Marauder, Command Center  
  161  26:40  Orbital Command  
  161  26:45  Siege Tank  
  164  26:50  Marauder  
  160  26:56  Marauder  
  160  26:59  Marauder  
  143  27:11  Orbital Command  
  121  27:32  Marauder  
  121  27:33  Marine  
  121  27:34  Marauder  
  117  27:44  Marine  
  117  27:45  Marauder  
  117  27:47  Siege Tank  
  102  27:53  Marine, Marauder  
  70  28:04  Marauder  
Show
View Real Time Build Order
Export as new Build Order

Elazer Zerg - Winner!

Build Orders: Hatch First, Lurkers 

Get SALT Encoding   

  12  0:00  Drone  
  13  0:12  Overlord  
  13  0:17  Drone  
  14  0:30  Drone x2  
  16  0:48  Hatchery  
  15  0:51  Drone  
  15  0:55  Drone  
  17  0:58  Drone  
  18  1:09  Extractor  
  17  1:13  Spawning Pool  
  17  1:16  Drone  
  17  1:19  Drone  
  18  1:28  Drone  
  19  1:38  Drone  
  20  2:01  Queen x2, Zergling x2  
  20  2:02  Zergling x4  
  27  2:12  Zergling x2  
  24  2:28  Drone x3  
  26  2:40  Drone x2  
  26  2:43  Overlord  
  28  3:02  Metabolic Boost, Drone x3  
  31  3:08  Overlord  
  31  3:12  Queen  
  33  3:15  Drone  
  34  3:22  Queen  
  36  3:30  Drone x2  
  36  3:31  Drone x2  
  40  3:40  Overlord  
  40  3:41  Drone x3  
  40  3:45  Drone  
  44  3:51  Overlord  
  43  3:58  Queen  
  43  3:59  Overlord  
  43  4:02  Drone x2  
  47  4:05  Drone  
  48  4:10  Queen  
  48  4:15  Overlord  
  50  4:18  Zergling x4  
  50  4:21  Zergling x2  
  50  4:22  Zergling x6  
  56  4:28  Zergling x2  
  57  4:36  Overlord  
  57  4:40  Hatchery  
  56  4:45  Drone x4  
  56  4:51  Baneling Nest  
  59  4:53  Queen  
  61  5:01  Overlord  
  61  5:03  Drone x2  
  61  5:06  Drone  
  64  5:11  Drone x3  
  64  5:13  Lair  
  67  5:16  Overlord  
  67  5:20  Extractor  
  66  5:22  Extractor  
  66  5:27  Drone  
  66  5:28  Drone x4  
  69  5:32  Queen  
  69  5:34  Zergling x2  
  67  5:38  Zergling x8  
  71  5:55  Overlord  
  65  6:01  Drone x4  
  65  6:03  Drone x2  
  65  6:10  Drone x5  
  69  6:17  Drone x3  
  72  6:23  Drone  
  72  6:24  Centrifugal Hooks, Drone  
  74  6:29  Drone  
  75  6:36  Drone x5  
  80  6:41  Evolution Chamber  
  80  6:42  Evolution Chamber, Overlord  
  80  6:44  Zergling x2  
  80  6:46  Queen x3  
  85  6:49  Zergling x4  
  85  6:50  Zergling x2  
  85  6:51  Zergling x2  
  89  7:01  Zergling x6  
  92  7:07  Zergling x8  
  87  7:21  Queen  
  87  7:22  Queen  
  81  7:26  Zerg Melee Weapons Level 1, Zerg Ground Armor Level 1  
  81  7:27  Drone x4  
  84  7:36  Queen  
  85  7:38  Zergling x12  
  85  7:42  Overlord  
  91  7:45  Drone  
  91  7:47  Baneling  
  91  7:48  Baneling x6  
  91  7:49  Baneling x3, Hatchery  
  91  7:54  Zergling x10  
  91  7:57  Queen  
  98  7:59  Drone  
  98  8:04  Spore Crawler  
  96  8:06  Zergling x14  
  96  8:08  Baneling x2  
  96  8:11  Queen  
  105  8:13  Overlord  
  105  8:16  Zergling x4  
  107  8:29  Zergling x2  
  107  8:30  Zergling x12  
  107  8:33  Overlord  
  113  8:36  Burrow  
  113  8:39  Drone x2  
  114  8:45  Drone x7  
  120  8:50  Drone  
  120  8:54  Drone  
  122  9:02  Zergling x12  
  124  9:08  Zergling x2  
  123  9:12  Zergling x18  
  128  9:23  Baneling  
  128  9:24  Baneling x5  
  134  9:25  Baneling x3  
  134  9:26  Zergling x4  
  134  9:28  Zerg Ground Armor Level 2, Overlord x2, Zerg Melee Weapons Level 2  
  134  9:30  Overlord  
  136  9:43  Overlord x2  
  136  9:45  Zergling x12  
  135  9:55  Spore Crawler, Drone x4  
  135  9:58  Zergling x12  
  140  10:02  Zergling x6  
  142  10:09  Overlord  
  142  10:11  Drone  
  142  10:12  Infestation Pit, Drone x2, Extractor, Hydralisk Den  
  136  10:17  Zergling x4  
  138  10:23  Hatchery  
  138  10:25  Spore Crawler, Drone, Zergling x14, Hatchery  
  143  10:30  Baneling x10  
  143  10:32  Baneling x10  
  143  10:35  Zergling x12  
  148  10:45  Zergling x8  
  149  10:50  Zergling x6  
  149  10:51  Overlord x2  
  149  10:53  Hive  
  149  10:55  Hatchery  
  149  10:56  Lurker Den  
  150  11:00  Zergling x22  
  156  11:10  Drone x2  
  156  11:11  Extractor x2  
  157  11:14  Drone x3  
  159  11:20  Drone x3  
  159  11:23  Drone x4  
  165  11:26  Drone x6  
  165  11:29  Baneling x11  
  170  11:36  Overlord  
  170  11:38  Extractor x2  
  168  11:46  Hydralisk x9  
  185  11:57  Baneling, Hatchery  
  182  12:05  Zergling x26  
  194  12:22  Seismic Spines  
  194  12:24  Adrenal Glands  
  194  12:30  Drone x4  
  192  12:38  Grooved Spines, Hatchery  
  188  12:53  Hatchery  
  188  12:57  Lurker x8  
  195  13:00  Lurker  
  195  13:04  Zerg Missile Weapons Level 1  
  196  13:06  Drone x4  
  199  13:22  Extractor  
  199  13:23  Extractor  
  193  13:35  Adaptive Talons  
  190  13:44  Drone  
  190  13:45  Drone x2  
  190  13:48  Zerg Ground Armor Level 3  
  193  13:49  Viper x2, Muscular Augments  
  199  13:58  Baneling x7  
  198  14:08  Zergling x2  
  198  14:09  Zergling x32  
  198  14:16  Spore Crawler  
  194  14:24  Overseer  
  183  14:25  Hydralisk  
  183  14:26  Hydralisk x7  
  193  14:34  Drone x3  
  193  14:35  Drone x2  
  182  14:40  Spore Crawler  
  182  14:43  Hydralisk x8, Hatchery  
  183  14:57  Drone x3  
  175  15:01  Hydralisk x6  
  175  15:02  Overlord x2  
  175  15:07  Spore Crawler  
  184  15:12  Overlord  
  184  15:13  Drone x8  
  190  15:23  Lurker  
  190  15:24  Lurker  
  190  15:26  Zerg Missile Weapons Level 2, Lurker x2  
  194  15:32  Drone  
  194  15:33  Drone x5  
  200  15:43  Spore Crawler  
  200  15:46  Overlord  
  200  15:49  Spore Crawler  
  198  15:54  Spore Crawler  
  194  16:01  Pneumatized Carapace, Overseer x4  
  194  16:10  Lurker  
  194  16:11  Lurker x3  
  190  16:34  Zerg Melee Weapons Level 3  
  190  16:35  Lurker x7  
  190  16:36  Lurker  
  190  16:37  Zergling x2  
  190  16:38  Zergling x2  
  200  16:41  Hatchery  
  198  17:11  Overseer  
  198  17:17  Baneling x7  
  198  17:21  Overseer  
  198  17:27  Baneling x18  
  189  17:41  Zergling x6  
  189  17:42  Zergling x16  
  179  17:54  Zergling x10  
  179  17:55  Zergling x30  
  195  18:04  Hydralisk x3  
  182  18:14  Zerg Missile Weapons Level 3  
  182  18:16  Hydralisk x11  
  195  18:26  Overlord  
  193  18:28  Drone x3  
  193  18:29  Drone x3  
  193  18:32  Extractor x2  
  191  18:38  Hydralisk x7  
  196  18:54  Spore Crawler  
  191  18:57  Lurker x4  
  191  18:58  Lurker x4  
  193  19:05  Zergling x16  
  199  19:13  Zergling x8  
  176  19:25  Zergling x38  
  176  19:30  Hydralisk x3  
  179  19:37  Hydralisk x6  
  181  19:44  Hydralisk x6  
  191  19:50  Overlord  
  191  20:03  Overlord  
  177  20:16  Zergling x10  
  177  20:17  Zergling x22  
  185  20:25  Zergling x16  
  169  20:37  Spore Crawler  
  169  20:38  Zergling x16  
  169  20:39  Zergling x8  
  169  20:42  Lurker x14  
  194  20:45  Viper x2  
  194  20:47  Overseer x2  
  200  21:02  Overlord  
  181  21:18  Hydralisk x12  
  156  21:20  Zergling x24  
  192  21:39  Hydralisk x8  
  196  21:48  Zergling x6  
  195  22:39  Hatchery  
  195  22:40  Zergling x14  
  191  22:51  Overseer  
  187  22:59  Zergling x26  
  175  23:21  Zergling x42  
  175  23:22  Zergling x8  
  175  23:23  Baneling  
  175  23:24  Baneling x21  
  187  23:53  Zergling x30  
  187  24:06  Zergling x26  
  200  24:16  Baneling x7  
  200  24:17  Baneling x8  
  182  24:35  Baneling x5  
  182  24:37  Lurker x2  
  184  24:40  Drone x3  
  187  24:49  Hydralisk x2  
  187  24:51  Overlord x2  
  191  24:54  Overseer  
  191  24:55  Overlord, Overseer  
  191  25:02  Extractor  
  191  25:03  Extractor  
  177  25:28  Zergling x2  
  177  25:29  Zergling x42  
  190  25:41  Lurker x13  
  182  25:44  Hydralisk x7  
  182  25:48  Zergling x4  
  194  26:03  Zergling x22  
  194  26:04  Zergling x6  
  182  26:13  Zergling x14  
  189  26:26  Overseer  
  188  26:45  Zergling x2  
  188  26:46  Zergling x22  
  179  27:10  Hydralisk x4  
  175  27:25  Baneling x4, Zergling x20  
  138  27:57  Zergling x38  
  138  27:58  Zergling x20  
  130  28:12  Lurker x3  

Tags
 
Add a new tag
Caveats
  • Supply blocks, unpowered buildings, or Contaminate may cause inaccurate times.
  • Supply counts are checked every 10 seconds.